 Dungeon Crawl Stone Soup version 0.30-a0-1016-gfb0d676c02 (webtiles) character file.

Game seed: 17511071592237346409

464 ytrimaz the Insei (level 6, -1/46 HPs)
             Began as a Demigod Transmuter on Apr 6, 2023.
             Slain by an ogre
             ... wielding a +0 giant spiked club
              (19 damage)
             ... on level 5 of the Dungeon.
             The game lasted 00:04:57 (5608 turns).

ytrimaz the Insei (Demigod Transmuter)              Turns: 5608, Time: 00:04:58

Health: -1/46      AC:  2    Str: 11    XL:     6   Next: 50%
Magic:  5/11       EV: 19    Int: 23    God:
Gold:   280        SH:  0    Dex: 19    Spells: 2/8 levels left

rFire   . . .      SeeInvis .      - Unarmed
rCold   . . .      Faith    .    (shield currently unavailable)
rNeg    . . .      Spirit   .    a - melded +1 robe
rPois   x          Reflect  .    i - melded +0 helmet
rElec   .          Rampage  .    (cloak currently unavailable)
rCorr   .                        (gloves currently unavailable)
Will    .....                    (boots currently unavailable)
Stlth   ++                       (no amulet)
HPRegen 0.27/turn                (no ring)
MPRegen 0.12/turn                (no ring)

@: spider-form, very slightly contaminated
A: venomous fangs, tiny, high MP 1, forlorn, divine attributes
a: End Transformation


You were on level 5 of the Dungeon.
You were a venomous arachnid creature.
You visited 1 branch of the dungeon, and saw 5 of its levels.

You collected 280 gold pieces.


Innate Abilities, Weirdness & Mutations

You are a venomous arachnid creature.
You have venomous fangs.
You are tiny and dextrous.
Your spellcasting is less reliable in this form.
Your armour is entirely melded.
You are incapable of wielding weapons or throwing items.
You have an increased reservoir of magic. (+10% MP)
You shall have no god before yourself.
Your divine heritage dramatically boosts your attributes as you level up.


   Skills:
 - Level 0.8 Fighting
 - Level 1.7 Dodging
 + Level 6.8 Unarmed Combat
 - Level 1.7 Spellcasting
 - Level 1.7 Transmutations
 + Level 1.6 Poison Magic


You had 2 spell levels left.
You knew the following spells:

 Your Spells              Type           Power      Damage    Failure   Level
a - Beastly Appendage     Tmut           20%        N/A       17%         1
b - Wereblood             Tmut           10%        N/A       24%         2
c - Spider Form           Tmut/Pois      9%         N/A       41%         3

Your spell library contained the following spells:

 Spells                   Type           Power      Damage    Failure   Level
 Ice Form                 Ice/Tmut       6%         N/A       85%         4

Inventory:

Armour
 a - a +1 robe (melded)
 i - a +0 helmet (melded)
   (You found it on level 1 of the Dungeon)
Wands
 b - a wand of flame (14)
   (You took it off Terence on level 2 of the Dungeon)
Scrolls
 d - a scroll of magic mapping
 e - a scroll of teleportation
 k - 2 scrolls of amnesia
 p - a scroll of fear {unknown}
Potions
 c - a potion of magic
 f - a potion of berserk rage {unknown}
 g - 3 potions of curing
 h - 3 potions of flight
 j - 3 potions of haste
 l - a potion of lignification
 m - 3 potions of heal wounds {unknown}
 n - 2 potions of resistance {unknown}
 o - a potion of ambrosia {unknown}
 q - a potion of brilliance {unknown}
 r - a potion of degeneration {unknown}

Dungeon Overview and Level Annotations

Branches:
Dungeon (5/15) Zot: 24418
 Temple: D:4-7

Annotations:
D:2 1 runed translucent door, Crazy Yiuf

#............'
#.....†......#
#.....#####+## #.....#
#.... #.....# #....
###########.....# ##..#
#...........##### ##..#
#.........#........+....
#.....Os..#........#....
#.........#........#....
#.........#........#....
#.........##..##########
########### ### #.. #..
#.. #.. #..


You could see an ogre (extremely poisoned).


Message History

Your +0 helmet unmelds from your body.
You turn into a venomous arachnid creature.
Your +0 helmet melds into your body.
Your +1 robe melds into your body. 😎 MP[-3]
You lost 3 mp, and now have 7/11 mp.
Unknown command.
You hit the scorpion.
The scorpion is poisoned.
The scorpion closely misses you.
You hit the scorpion but do no damage.
The scorpion looks as sick as possible!
The scorpion barely misses you. x2
Unknown command.
You hit the scorpion.
You kill the scorpion!
Your Poison Magic skill increases to level 1!
No target in view!
Unknown command.
No target in view!
Your transformation is almost over.
Your transformation has ended.
Your +0 helmet unmelds from your body.
Your +1 robe unmelds from your body. 😎 MP[+2]
You regained 2 mp, and now have 9/11 mp.
You now have 266 gold pieces (gained 17).
You open the door.
Found a stone staircase leading down. 😎 MP[+2]
Your mp is fully restored (11).
There is an open door here.
q - an orange potion
r - a ruby potion
There is a stone staircase leading down here.
You now have 280 gold pieces (gained 14).
You open the door.
There is an open door here.
A hound comes into view.
The hound barks!
A hound is nearby!
A hound is nearby!
Casting: Spider Form (dangerous; 21% risk of failure)
Confirm with . or Enter, or press ? or * to list all spells.
You turn into a venomous arachnid creature.
Your +0 helmet melds into your body.
Your +1 robe melds into your body.
A hound is nearby! 😎 MP[-3]
You lost 3 mp, and now have 8/11 mp.
Unknown command.
The hound barely misses you. The hound bites you. 😕 HP[-2]
You take 2 damage, and now have 44/46 hp.
You bite the hound!
The hound is poisoned.
The hound misses you.
Unknown command.
You bite the hound!
The hound looks as sick as possible!
You kill the hound! 😕 HP[+1] No target in view!
You see here a hound corpse.
Unknown command.
No target in view!
Your transformation has ended.
Your +0 helmet unmelds from your body.
Your +1 robe unmelds from your body. 😎 HP[+1] MP[+1]
Your hp is fully restored (46).
Unknown command.
An ogre comes into view. It is wielding a +0 giant spiked club.
The ogre shouts! 😎 MP[+2]
Your mp is fully restored (11).
An ogre is nearby!
Unknown command.
An ogre is nearby!
Casting: Spider Form (dangerous; 21% risk of failure)
Confirm with . or Enter, or press ? or * to list all spells.
You miscast Spider Form.
You are very lightly contaminated with residual magic.
Multicoloured lights dance before your eyes. 😎 MP[-3]
You lost 3 mp, and now have 8/11 mp.
Casting: Spider Form (dangerous; 21% risk of failure)
Confirm with . or Enter, or press ? or * to list all spells.
You turn into a venomous arachnid creature.
Your +0 helmet melds into your body.
Your +1 robe melds into your body. 😎 MP[-3]
You lost 3 mp, and now have 5/11 mp.
An ogre is nearby!
Unknown command.
The ogre misses you.
Unknown command.
You bite the ogre! You hit the ogre.
The ogre is poisoned.
The ogre hits you with a +0 giant spiked club!!
Ouch! That really hurt!
* * * LOW HITPOINT WARNING * * *
😨 HP[-28]
You take 28 damage, and now have 18/46 hp.
MASSIVE DAMAGE!! (PAUSE)
You hit the ogre.
The ogre looks as sick as possible!
Unknown command.
You bite the ogre!
The ogre looks as sick as possible!
The ogre hits you with a +0 giant spiked club!!
You die...

Skill      XL: |  1  2  3  4  5  6 |
---------------+-------------------+-----
Unarmed Combat | 3 4 5 6 |  6.8
Poison Magic   | 1 |  1.6
Fighting       | |  0.8
Dodging        | |  1.7
Spellcasting   | |  1.7
Transmutations | |  1.7

Action                     |  1- 3 |  4- 6 || total
---------------------------+-------+-------++-------
  Melee: Unarmed           |   104 |   187 ||   291
         Kick              |    12 |    28 ||    40
         Headbutt          |     9 |    22 ||    31
         Punch             |     2 |     2 ||     4
   Cast: Beastly Appendage |    19 |    36 ||    55
         Wereblood         |       |     2 ||     2
         Spider Form       |       |     3 ||     3
    Use: Scroll            |     4 |     8 ||    12
         Potion            |     1 |       ||     1
   Stab: Sleeping          |       |     1 ||     1
 Armour: Robe              |    25 |    41 ||    66
         Skin              |     4 |       ||     4
  Dodge: Dodged            |    59 |   110 ||   169

Levels and vault maps discovered:
D:1:      minmay_arrival_arboretum_small, layout_basic, serial_corexii_hall,
          corexii_hall_statues_l, corexii_hall_statues_u
D:2:      minmay_wonky_spiral, layout_basic, uniq_terence,
          uniq_crazy_yiuf_cottage
D:3:      layout_basic, grunt_temple_overflow_open
D:4:      layout_basic
D:5:      layout_gridville

Notes
Turn   | Place    | Note
-------+----------+-------------------------------------------
     0 | D:1      | ytrimaz the Demigod Transmuter began the quest for the Orb.
     0 | D:1      | Reached XP level 1. HP: 15/15 MP: 5/5
     0 | D:1      | magus.rc [v1.9.6]
    44 | D:1      | Reached skill level 3 in Unarmed Combat
   204 | D:1      | Reached XP level 2. HP: 22/22 MP: 5/7
  1171 | D:1      | Reached XP level 3. HP: 24/27 MP: 8/8
  1586 | D:2      | Noticed Terence
  1591 | D:2      | Learned a level 2 spell: Wereblood
  1596 | D:2      | HP: 5/27 [Terence/+0 hand axe (9)]
  1602 | D:2      | HP: 3/40 [Terence/+0 hand axe (3)]
  1603 | D:2      | Killed Terence
  1604 | D:2      | Reached skill level 4 in Unarmed Combat
  1928 | D:2      | Reached XP level 4. HP: 25/34 MP: 9/9
  2401 | D:2      | Reached skill level 5 in Unarmed Combat
  2871 | D:2      | Found a runed translucent door.
  2872 | D:2      | Noticed Crazy Yiuf
  4096 | D:4      | Reached XP level 5. HP: 32/39 MP: 8/10
  4374 | D:4      | HP: 8/39 [something (3)]
  4607 | D:4      | Reached skill level 6 in Unarmed Combat
  5118 | D:5      | Entered Level 5 of the Dungeon
  5126 | D:5      | Reached XP level 6. HP: 45/46 MP: 9/11
  5130 | D:5      | Learned a level 3 spell: Spider Form
  5504 | D:5      | Reached skill level 1 in Poison Magic
  5608 | D:5      | Slain by an ogre

Vanquished Creatures
  2 scorpions
  A jelly (D:4)
  2 hounds (D:5)
  A sleepcap (D:4)
  An orc wizard (D:4)
  Terence (D:2)
  8 adders
  A worm (D:2)
  5 dart slugs
  5 orcs
  6 ball pythons
  4 endoplasms
  2 giant cockroaches (D:2)
  3 goblins
  9 hobgoblins
  10 jackals
  4 kobolds
  8 quokkas
  8 bats
  6 frilled lizards
  5 rats
92 creatures vanquished.

Table legend:
 A = Non-vault XP
 B = Vault XP
 C = Vault XP percentage of total XP
 D = Non-vault monster count
 E = Vault monster count
 F = Vault count percentage of total count
                 A         B        C        D         E       F
            +---------+---------+-------+---------+---------+-------
      Total |     626 |      38 |   5.7 |      89 |       3 |   3.3
            +---------+---------+-------+---------+---------+-------
        D:1 |      48 |       0 |   0.0 |      24 |       0 |   0.0
        D:2 |      84 |      38 |  31.1 |      20 |       3 |  13.0
        D:3 |      45 |       0 |   0.0 |      19 |       0 |   0.0
        D:4 |     236 |       0 |   0.0 |      19 |       0 |   0.0
        D:5 |     213 |       0 |   0.0 |       7 |       0 |   0.0
            +---------+---------+-------+---------+---------+-------

Illustrated notes

Table legend:
 A = Kills in this place as a percentage of kills in the entire game.
 B = Kills by you in this place as a percentage of kills by you in the entire game.
 C = Kills by friends in this place as a percentage of kills by friends in the entire game.
 D = Other kills in this place as a percentage of other kills in the entire game.
 E = Experience gained in this place as a percentage of experience gained in the entire game.
 F = Experience gained in this place divided by the number of levels of this place that you have seen.
                   A       B       C       D       E      F
               +-------+-------+-------+-------+-------+----------------------
         Total | 100.0 | 100.0 |   N/A |   N/A | 100.0 | 132.8
       Dungeon | 100.0 | 100.0 |   N/A |   N/A | 100.0 | 132.8
               +-------+-------+-------+-------+-------+----------------------

Table legend: (Time is in decaauts)
 A = Elapsed time spent in this place.
 B = Non-inter-level travel time spent in this place.
 C = Inter-level travel time spent in this place.
 D = Time resting spent in this place.
 E = Time spent auto-exploring this place.
 F = Levels seen in this place.
 G = Mean time per level.
                   A        B        C        D        E       F      G
               +--------+--------+--------+--------+--------+-----+--------+
         Total |   5580 |   5345 |    235 |    363 |   4215 |   5 | 1116.0 |
       Dungeon |   5580 |   5345 |    235 |    363 |   4215 |   5 | 1116.0 |
               +--------+--------+--------+--------+--------+-----+--------+

Top non-repeatable levels by time:
     D:2: 1520 daAuts
     D:1: 1467 daAuts
     D:3: 1087 daAuts
     D:4: 1020 daAuts
     D:5: 485 daAuts
